SL
PHILADELPHIA 1776 BC @ RICHARDSON CITY THUNDERCATS
07/12/2031
 
TOP OF THE 1ST
Philadelphia 1776 BC batting - Pitching for Richardson City Thundercats : LHP Bartolomeu Lio
Pitching: LHP Bartolomeu Lio
Batting: LHB Manoo Satyavrat 0-0: Ball
1-0: Foul Ball, location: 2F
1-1: Swinging Strike
1-2: Strikes out looking
Batting: RHB Karl Blanke 0-0: Ball
1-0: Ball
2-0: Ball
3-0: Called Strike
3-1: Base on Balls
Batting: RHB Phil Moore 0-0: Ball
1-0: Ball
2-0: Foul Ball, location: 2F
2-1: SINGLE (Line Drive, 5)
Karl Blanke to second
Batting: RHB Fernando Rivera 0-0: Called Strike
0-1: Ball
1-1: Ball
2-1: Ball
3-1: Called Strike
3-2: Base on Balls
Karl Blanke to third
Phil Moore to second
Batting: RHB John Schnatter 0-0: Grounds into double play, 5-4-3 (Groundball, 56)
Top of the 1st over - 0 runs, 1 hit, 0 errors, 2 left on base; Philadelphia 1776 0 - Richardson City 0
BOTTOM OF THE 1ST
Richardson City Thundercats batting - Pitching for Philadelphia 1776 BC : RHP Jay Mahabir
Pitching: RHP Jay Mahabir
Batting: LHB Eduardo Álvarez 0-0: Swinging Strike
0-1: Ball
1-1: Foul Ball, location: 2F
1-2: Foul Ball, location: 2F
1-2: Fly out, F8 (Flyball, 8RS)
Batting: LHB Juan Macíel 0-0: Foul Ball, location: 2F
0-1: Ground out 4-3 (Groundball, 34)
Batting: RHB Bruce Ingilby 0-0: Ball
1-0: Swinging Strike
1-1: Ball
2-1: Foul Ball, location: 2F
2-2: SINGLE (Groundball, 4MD)
Batting: RHB Tomás Martínez 0-0: Ball
1-0: Ball
2-0: Called Strike
2-1: Ground out 5-3 (Groundball, 56S)
Bottom of the 1st over - 0 runs, 1 hit, 0 errors, 1 left on base; Philadelphia 1776 0 - Richardson City 0
TOP OF THE 2ND
Philadelphia 1776 BC batting - Pitching for Richardson City Thundercats : LHP Bartolomeu Lio
Batting: SHB Sam Quint 0-0: Ball
1-0: Ground out 6-3 (Groundball, 6)
Batting: RHB Kent Summey 0-0: Called Strike
0-1: Ball
1-1: Ball
2-1: Ground out 6-3 (Groundball, 6S)
Batting: RHB Mikko Haataja 0-0: Ball
1-0: Ball
2-0: Ground out U3 (Groundball, 23)
Top of the 2nd over - 0 runs, 0 hits, 0 errors, 0 left on base; Philadelphia 1776 0 - Richardson City 0
BOTTOM OF THE 2ND
Richardson City Thundercats batting - Pitching for Philadelphia 1776 BC : RHP Jay Mahabir
Batting: RHB Louis Gibbons 0-0: Called Strike
0-1: Foul Ball, location: 2F
0-2: Ball
1-2: Foul Ball, location: 2F
1-2: Fly out, F3 (Popup, 3F)
Batting: LHB Eric Thackston 0-0: Ball
1-0: Called Strike
1-1: Foul Ball, location: 2F
1-2: Ground out U3 (Groundball, 3)
Batting: RHB Anselmo Berneu 0-0: Ball
1-0: Called Strike
1-1: SINGLE (Line Drive, 6M)
Batting: LHB Fernando Ramírez 0-0: Ball
1-0: Fielders Choice at 2nd, 6-4 (Groundball, 56)
Bottom of the 2nd over - 0 runs, 1 hit, 0 errors, 1 left on base; Philadelphia 1776 0 - Richardson City 0
TOP OF THE 3RD
Philadelphia 1776 BC batting - Pitching for Richardson City Thundercats : LHP Bartolomeu Lio
Batting: LHB Juan Montés 0-0: Ball
1-0: Ball
2-0: Ball
3-0: Called Strike
3-1: Swinging Strike
3-2: Ground out 4-3 (Groundball, 4)
Batting: LHB Manoo Satyavrat 0-0: Fly out, F7 (Flyball, 7S)
Batting: RHB Karl Blanke 0-0: Ball
1-0: Foul Ball, location: 2F
1-1: Swinging Strike
1-2: Ball
2-2: Ground out 6-3 (Groundball, 6)
Top of the 3rd over - 0 runs, 0 hits, 0 errors, 0 left on base; Philadelphia 1776 0 - Richardson City 0
BOTTOM OF THE 3RD
Richardson City Thundercats batting - Pitching for Philadelphia 1776 BC : RHP Jay Mahabir
Batting: RHB Felipe Campos 0-0: Reached on error, E6 (Groundball, 6)
Batting: LHB Eduardo Álvarez 0-0: Ball
1-0: Foul Ball, location: 2F
1-1: Swinging Strike
1-2: Foul Ball, location: 2F
1-2: Foul Ball, location: 2F
1-2: Ball
2-2: Fly out, F8 (Flyball, 8LM)
Batting: LHB Juan Macíel 0-0: Ball
1-0: Foul Ball, location: 2F
1-1: Ground out 4-3 (Groundball, 4)
Felipe Campos to third
Batting: RHB Bruce Ingilby 0-0: Ball
1-0: Ball
2-0: Foul Ball, location: 2F
2-1: Ball
3-1: Ground out 4-3 (Groundball, 4)
Bottom of the 3rd over - 0 runs, 0 hits, 1 error, 1 left on base; Philadelphia 1776 0 - Richardson City 0
TOP OF THE 4TH
Philadelphia 1776 BC batting - Pitching for Richardson City Thundercats : LHP Bartolomeu Lio
Batting: RHB Phil Moore 0-0: Ground out 6-3 (Groundball, 6)
Batting: RHB Fernando Rivera 0-0: Ball
1-0: Called Strike
1-1: Fly out, F7 (Flyball, 7S)
Batting: RHB John Schnatter 0-0: Called Strike
0-1: Ball
1-1: DOUBLE (Flyball, 89XD)
Batting: SHB Sam Quint 0-0: Ball
1-0: SINGLE (Groundball, 6MD)
John Schnatter to third
Runner from 3rd tries for Home, SAFE, throw made home
Sam Quint to second
Batting: RHB Kent Summey 0-0: Ball
1-0: Swinging Strike
1-1: Ball
2-1: Swinging Strike
2-2: Foul Ball, location: 2F
2-2: Ball
3-2: Strikes out looking
Top of the 4th over - 1 run, 2 hits, 0 errors, 1 left on base; Philadelphia 1776 1 - Richardson City 0
BOTTOM OF THE 4TH
Richardson City Thundercats batting - Pitching for Philadelphia 1776 BC : RHP Jay Mahabir
Batting: RHB Tomás Martínez 0-0: Ball
1-0: Foul Ball, location: 2F
1-1: Fly out, F5 (Line Drive, 56)
Batting: RHB Louis Gibbons 0-0: Called Strike
0-1: Ball
1-1: Foul Ball, location: 2F
1-2: Strikes out looking
Batting: LHB Eric Thackston 0-0: Called Strike
0-1: Ball
1-1: Called Strike
1-2: Ball
2-2: Foul Ball, location: 2F
2-2: SINGLE (Flyball, 4MD)
Batting: RHB Anselmo Berneu 0-0: Called Strike
0-1: Ball
1-1: Called Strike
1-2: Ball
2-2: Fielders Choice at 2nd, 6-4 (Groundball, 6)
Bottom of the 4th over - 0 runs, 1 hit, 0 errors, 1 left on base; Philadelphia 1776 1 - Richardson City 0
TOP OF THE 5TH
Philadelphia 1776 BC batting - Pitching for Richardson City Thundercats : LHP Bartolomeu Lio
Batting: RHB Mikko Haataja 0-0: Called Strike
0-1: Fly out, F9 (Flyball, 9)
Batting: LHB Juan Montés 0-0: Called Strike
0-1: Swinging Strike
0-2: Ball
1-2: Ball
2-2: Ball
3-2: Foul Ball, location: 2F
3-2: Strikes out swinging
Batting: LHB Manoo Satyavrat 0-0: Ball
1-0: Swinging Strike
1-1: SINGLE (Groundball, 6MD)
Batting: RHB Karl Blanke 0-0: Called Strike
Manoo Satyavrat steals 2nd base
0-1: Ball
1-1: Foul Ball, location: 2F
1-2: Ball
2-2: Foul Ball, location: 2F
2-2: SINGLE (Line Drive, 56D)
Manoo Satyavrat to third
Runner from 3rd tries for Home, SAFE, no throw
Batting: RHB Phil Moore 0-0: Called Strike
0-1: Ball
1-1: Called Strike
1-2: Fielders Choice at 2nd, 5-4 (Groundball, 56)
Top of the 5th over - 1 run, 2 hits, 0 errors, 1 left on base; Philadelphia 1776 2 - Richardson City 0
BOTTOM OF THE 5TH
Richardson City Thundercats batting - Pitching for Philadelphia 1776 BC : RHP Jay Mahabir
Batting: LHB Fernando Ramírez 0-0: Foul Ball, location: 2F
0-1: Swinging Strike
0-2: Fly out, F7 (Flyball, 7S)
Batting: RHB Felipe Campos 0-0: Swinging Strike
0-1: Swinging Strike
0-2: Ball
1-2: Ball
2-2: Strikes out swinging
Batting: LHB Eduardo Álvarez 0-0: Ball
1-0: Foul Ball, location: 2F
1-1: Ball
2-1: DOUBLE (Flyball, 89D)
Batting: LHB Juan Macíel 0-0: Called Strike
0-1: Called Strike
0-2: Ball
1-2: Foul Ball, location: 2F
1-2: Ground out U3 (Groundball, 3S)
Bottom of the 5th over - 0 runs, 1 hit, 0 errors, 1 left on base; Philadelphia 1776 2 - Richardson City 0
TOP OF THE 6TH
Philadelphia 1776 BC batting - Pitching for Richardson City Thundercats : LHP Bartolomeu Lio
Batting: RHB Fernando Rivera 0-0: Foul Ball, location: 2F
0-1: Foul Ball, location: 2F
0-2: Ball
1-2: Foul Ball, location: 2F
1-2: Strikes out looking
Batting: RHB John Schnatter 0-0: Ball
1-0: Ball
2-0: Foul Ball, location: 2F
2-1: Swinging Strike
2-2: Fly out, F9 (Line Drive, 89M)
Batting: SHB Sam Quint 0-0: Ground out 5-3 (Groundball, 25)
Top of the 6th over - 0 runs, 0 hits, 0 errors, 0 left on base; Philadelphia 1776 2 - Richardson City 0
BOTTOM OF THE 6TH
Richardson City Thundercats batting - Pitching for Philadelphia 1776 BC : RHP Jay Mahabir
Batting: RHB Bruce Ingilby 0-0: Called Strike
0-1: Called Strike
0-2: Ground out U3 (Groundball, 3)
Batting: RHB Tomás Martínez 0-0: Called Strike
0-1: Ball
1-1: Ball
2-1: Swinging Strike
2-2: Strikes out swinging
Batting: RHB Louis Gibbons 0-0: Ball
1-0: Swinging Strike
1-1: Foul Ball, location: 2F
1-2: Strikes out looking
Bottom of the 6th over - 0 runs, 0 hits, 0 errors, 0 left on base; Philadelphia 1776 2 - Richardson City 0
TOP OF THE 7TH
Philadelphia 1776 BC batting - Pitching for Richardson City Thundercats : LHP Bartolomeu Lio
Batting: RHB Kent Summey 0-0: Foul Ball, location: 2F
0-1: Called Strike
0-2: Foul Ball, location: 2F
0-2: Strikes out swinging
Batting: RHB Mikko Haataja 0-0: SINGLE (Groundball, 56D)
Batting: LHB Juan Montés 0-0: Swinging Strike
0-1: Ball
Wild Pitch!
Mikko Haataja to second
1-1: Foul Ball, location: 2F
1-2: Foul Ball, location: 2F
1-2: Ball
2-2: Foul Ball, location: 2F
2-2: Ball
3-2: Strikes out swinging, 2-3 out at first.
Batting: LHB Manoo Satyavrat 0-0: Ball
1-0: Called Strike
1-1: Ball
2-1: Ball
3-1: Foul Ball, location: 2F
3-2: Fly out, F8 (Flyball, 8LXD)
Top of the 7th over - 0 runs, 1 hit, 0 errors, 1 left on base; Philadelphia 1776 2 - Richardson City 0
BOTTOM OF THE 7TH
Richardson City Thundercats batting - Pitching for Philadelphia 1776 BC : RHP Jay Mahabir
Batting: LHB Eric Thackston 0-0: Ball
1-0: Foul Ball, location: 2F
1-1: Ball
2-1: Ball
3-1: Base on Balls
Pitching: RHP António Rodríguez
Batting: RHB Anselmo Berneu 0-0: Called Strike
0-1: Foul Ball, location: 2F
0-2: Grounds into double play, 4-6-3 (Groundball, 4M)
Batting: LHB Fernando Ramírez 0-0: Ball
1-0: Called Strike
1-1: Foul Ball, location: 2F
1-2: Ball
2-2: Ground out 5-3 (Groundball, 56S)
Bottom of the 7th over - 0 runs, 0 hits, 0 errors, 0 left on base; Philadelphia 1776 2 - Richardson City 0
TOP OF THE 8TH
Philadelphia 1776 BC batting - Pitching for Richardson City Thundercats : LHP Bartolomeu Lio
Pitching: RHP Kelsey MacGillivary
Batting: RHB Karl Blanke 0-0: Ground out 5-3 (Groundball, 56)
Batting: RHB Phil Moore 0-0: Ball
1-0: Ball
2-0: Called Strike
2-1: Fly out, F9 (Flyball, 9D)
Batting: RHB Fernando Rivera 0-0: Ball
1-0: Ball
2-0: Called Strike
2-1: Foul Ball, location: 2F
2-2: Ground out 6-3 (Groundball, 56D)
Top of the 8th over - 0 runs, 0 hits, 0 errors, 0 left on base; Philadelphia 1776 2 - Richardson City 0
BOTTOM OF THE 8TH
Richardson City Thundercats batting - Pitching for Philadelphia 1776 BC : RHP António Rodríguez
Batting: RHB Felipe Campos 0-0: Ball
1-0: Ball
2-0: Swinging Strike
2-1: Ball
3-1: Foul Ball, location: 2F
3-2: Strikes out swinging
Batting: LHB Eduardo Álvarez 0-0: Ball
1-0: Swinging Strike
1-1: Ball
2-1: Foul Ball, location: 2F
2-2: Ground out U3 (Groundball, 34S)
Batting: LHB Juan Macíel 0-0: Ball
1-0: Ball
2-0: SINGLE (Line Drive, 6M)
Batting: RHB Bruce Ingilby 0-0: Called Strike
0-1: Ball
1-1: Fielders Choice at 2nd, 6-4 (Groundball, 6)
Bottom of the 8th over - 0 runs, 1 hit, 0 errors, 1 left on base; Philadelphia 1776 2 - Richardson City 0
TOP OF THE 9TH
Philadelphia 1776 BC batting - Pitching for Richardson City Thundercats : RHP Kelsey MacGillivary
Batting: RHB John Schnatter 0-0: Called Strike
0-1: Swinging Strike
0-2: Foul Ball, location: 2F
0-2: Ball
1-2: Foul Ball, location: 2F
1-2: Ball
2-2: Ball
3-2: Base on Balls
Batting: SHB Sam Quint 0-0: Swinging Strike
0-1: Foul Ball, location: 2F
0-2: Strikes out looking
Batting: RHB Kent Summey 0-0: Called Strike
0-1: Ball
1-1: Foul Ball, location: 2F
1-2: Ball
2-2: Strikes out swinging
Batting: RHB Mikko Haataja 0-0: Ball
1-0: Foul Ball, location: 2F
1-1: Ball
2-1: Fly out, F7 (Flyball, 78S)
Top of the 9th over - 0 runs, 0 hits, 0 errors, 1 left on base; Philadelphia 1776 2 - Richardson City 0
BOTTOM OF THE 9TH
Richardson City Thundercats batting - Pitching for Philadelphia 1776 BC : RHP António Rodríguez
Pitching: RHP Carlos Ramos
Batting: RHB Tomás Martínez 0-0: Ball
1-0: Ball
2-0: Ball
3-0: Base on Balls
Batting: RHB Louis Gibbons 0-0: Ball
1-0: Swinging Strike
1-1: Ball
2-1: Ball
3-1: Base on Balls
Tomás Martínez to second
Batting: LHB Eric Thackston 0-0: Ball
1-0: Grounds into double play, 1-6-3 (Groundball, 13S)
Tomás Martínez to third
Batting: RHB Anselmo Berneu 0-0: Ball
1-0: Foul Ball, location: 2F
1-1: Fly out, F3 (Popup, 3SF)
Bottom of the 9th over - 0 runs, 0 hits, 0 errors, 1 left on base; Philadelphia 1776 2 - Richardson City 0
Tuesday, June 12th, 2018 - OOTP Baseball 18.8 Build 76